 Dungeon Crawl Stone Soup version 0.31.0-11-ge490571c62 (webtiles) character file.

Game seed: 12829691869741997869

19 qw the Shooter (level 2, -1/14 HPs)
             Began as a Spriggan Hunter on Feb 4, 2024.
             Succumbed to their own poison gas
             ... on level 1 of the Dungeon.
             The game lasted 00:00:02 (848 turns).

qw the Shooter (Spriggan Hunter)                     Turns: 848, Time: 00:00:02

Health: -1/14      AC:  2    Str: 13    XL:     2   Next: 55%
Magic:  3/3        EV: 20    Int: 10    God:
Gold:   78         SH:  0    Dex: 24    Spells: 1/1 levels left

rFire   . . .        a - +1 shortbow (drain)
rCold   . . .        (shield currently unavailable)
rNeg    . . .        c - +0 robe
rPois   .            (helmet restricted)
rElec   .            (no cloak)
rCorr   .            (gloves unavailable)
SInv    +            (boots unavailable)
Will    .....        (no amulet)
Stlth   ++           i - +6 ring of dexterity
HPRegen 0.22/turn    n - +6 ring of strength
MPRegen 0.08/turn

%: no passive effects
@: lethally poisoned (-1 -> -11), very quick
A: very small, no large weapons, unfitting armour, see invisible, speed 3
a: no special abilities


You were on level 1 of the Dungeon.
You visited 1 branch of the dungeon, and saw 1 of its levels.

You collected 78 gold pieces.


Innate Abilities, Weirdness & Mutations

You are very small and have problems with some larger weapons.
You are too small for most types of armour.
You have supernaturally acute eyesight. (SInv)
You cover ground extremely quickly. (Speed+++)


   Skills:
 - Level 1.5 Fighting
 - Level 4.1 Ranged Weapons
 + Level 4.0 Dodging
 - Level 1.5 Stealth


You had one spell level left.
You didn't know any spells.
Your spell library was empty.

Inventory:

Hand Weapons
 a - a +1 shortbow of draining (weapon)
Armour
 c - a +0 robe (worn)
Jewellery
 i - a +6 ring of dexterity (left hand)
 n - a +6 ring of strength (right hand)
Potions
 j - a potion of degeneration {unknown}
 k - a potion of curing {unknown}

Dungeon Overview and Level Annotations

Branches:
Dungeon (1/15)

Altars:


Message History

Done exploring.
840 ||| READING scroll labelled TOIVAD HAISOE.
As you read the scroll labelled TOIVAD HAISOE, it crumbles to dust.
It is a scroll of identify.
840 ||| IDENTIFYING purple potion;
h - a potion of berserk rage Done exploring.
841 ||| DROPPING scroll of butterflies.
You drop a scroll of butterflies.
Done exploring.
842 ||| DROPPING scroll of amnesia.
You drop a scroll of amnesia.
Done exploring.
843 ||| DROPPING potion of berserk rage.
You drop a potion of berserk rage.
Done exploring.
What level of the Dungeon? (default 1, ? - help) Sorry, I don't know how to get there.
Enter note:
Enter note:
Enter note:
Enter note:
Enter note:
Enter note:
Enter note:
Enter note:
Enter note:
Enter note:
Enter note:
Enter note: You are engulfed in poison gas.
You are lethally poisoned!
You feel very sick.
845 ||| Stepping ~*~*~tactically~*~*~ (cloud).
You feel sick.
Things that are here:
a potion of berserk rage; a scroll of amnesia; a scroll of butterflies
There is a lethal amount of poison in your body!
You feel very sick.
There is a lethal amount of poison in your body!
You feel very sick.
There is a lethal amount of poison in your body!
You die...

#...#........)...#.# #........#
#.........#.#......# ####.#####
#...#.#####.#..¤0#.# #.#
#...#.#####.#.#¤##.# #.#
#...............¤..# #.#
#...##.########¤#### #.#
######.# ##¤## #.# #.# ##¤¤0##
#.# ##.# ##¤0@¤¤## ##.# ##..#
##¤0¤¤00¤## ##..#
###...####¤000¤¤000####...#####
#........+¤0¤000¤00¤¤..........
#.#...####.00¤00000###.....####
#.##.## ##0¤000¤0## #.#.#.#
#.#### ##0¤0.0## #.#.#.## #.#
##0¤0## #.#....#
#.############'## #.###..#


There were no monsters in sight!

Vanquished Creatures
  A dart slug (D:1)
  5 endoplasms (D:1)
  A giant cockroach (D:1)
  A quokka (D:1)
  2 bats (D:1)
  3 frilled lizards (D:1)
  A goblin (D:1)
  3 kobolds (D:1)
  A rat (D:1)
18 creatures vanquished.

Notes
Turn   | Place    | Note
-------+----------+-------------------------------------------
     0 | D:1      | qw the Spriggan Hunter began the quest for the Orb.
     0 | D:1      | Reached XP level 1. HP: 10/10 MP: 2/2
     0 | D:1      | 0 ||| qw: Version: 0.3-a-160-g6735b56
     0 | D:1      | 0 ||| qw: Game counter: 4932
     0 | D:1      | 0 ||| qw: Melee chars always use a shield: true
     0 | D:1      | 0 ||| qw: God list: Okawaru
     0 | D:1      | 0 ||| qw: Allow faded altars: false
     0 | D:1      | 0 ||| qw: Do Orc after clearing Dungeon:15 true
     0 | D:1      | 0 ||| qw: Do second Lair branch before Depths: true
     0 | D:1      | 0 ||| qw: Lair rune preference: random
     0 | D:1      | 0 ||| qw: Goals: Normal
     0 | D:1      | 0 ||| PLANNING D:1-11
   173 | D:1      | Reached skill level 3 in Dodging
   301 | D:1      | Reached XP level 2. HP: 14/14 MP: 3/3
   829 | D:1      | 829 ||| UPGRADING to +6 ring of dexterity.
   830 | D:1      | 830 ||| UPGRADING to +6 ring of strength.
   831 | D:1      | 831 ||| READING 2 scrolls labelled PEYMOM PUDDYIS.
   832 | D:1      | 832 ||| READING scroll labelled YFRAUNORIMN.
   837 | D:1      | 837 ||| READING scroll labelled YHOCYS XERPHU.
   838 | D:1      | 838 ||| READING scroll labelled XURAGIUNNE.
   838 | D:1      | 838 ||| ENCHANTING +0 shortbow.
   839 | D:1      | 839 ||| READING scroll labelled WONTADUOGU.
   839 | D:1      | 839 ||| BRANDING +1 shortbow.
   840 | D:1      | 840 ||| READING scroll labelled TOIVAD HAISOE.
   840 | D:1      | 840 ||| IDENTIFYING purple potion
   841 | D:1      | 841 ||| DROPPING scroll of butterflies.
   842 | D:1      | 842 ||| DROPPING scroll of amnesia.
   843 | D:1      | 843 ||| DROPPING potion of berserk rage.
   845 | D:1      | 845 ||| Stepping ~*~*~tactically~*~*~ (cloud).
   847 | D:1      | HP: 2/14 [poisoned by you (poison gas)]
   848 | D:1      | Succumbed to their own poison gas

Levels and vault maps discovered:
D:1:      dpeg_arrival_pits, layout_loops_corners

Skill      XL: |  1  2 |
---------------+-------+-----
Dodging        | 3 4 |  4.0
Fighting       | |  1.5
Ranged Weapons | |  4.1
Stealth        | |  1.5

Action                     || total
---------------------------++-------
   Fire: Shortbow          ||    36
    Use: Scroll            ||     6
 Armour: Robe              ||     1
  Dodge: Dodged            ||     6

Table legend:
 A = Non-vault XP
 B = Vault XP
 C = Vault XP percentage of total XP
 D = Non-vault monster count
 E = Vault monster count
 F = Vault count percentage of total count
                 A         B        C        D         E       F
            +---------+---------+-------+---------+---------+-------
      Total |      28 |       0 |   0.0 |      18 |       0 |   0.0
            +---------+---------+-------+---------+---------+-------
        D:1 |      28 |       0 |   0.0 |      18 |       0 |   0.0
            +---------+---------+-------+---------+---------+-------
